 Dungeon Crawl Stone Soup version 0.29-a0-197-ge3fb4bd5a4 (webtiles) character file.

Game seed: 13813153093744036617

131 Hasart the Shooter (level 4, 0/37 HPs)
             Began as a Demigod Hunter on Feb 23, 2022.
             Killed from afar by an orc wizard (7 damage)
             ... with a magic dart
             ... on level 3 of the Dungeon.
             The game lasted 00:02:47 (1604 turns).

Hasart the Shooter (Demigod Hunter)                 Turns: 1604, Time: 00:02:48

Health: 0/37       AC:  4    Str: 13    XL:     4   Next: 61%
Magic:  6/6        EV: 12    Int: 13    God:
Gold:   90         SH:  0    Dex: 18    Spells: 3/3 levels left

rFire   . . .      SeeInvis .   a - +1 shortbow
rCold   . . .      Faith    .   (shield currently unavailable)
rNeg    . . .      Spirit   .   b - +0 leather armour
rPois   .          Reflect  .   h - +0 helmet
rElec   .          Harm     .   (no cloak)
rCorr   .          Rampage  .   (no gloves)
Will    .....                   (no boots)
Stlth   ++........              (no amulet)
HPRegen 0.12/turn               (no ring)
MPRegen 0.10/turn               (no ring)

@: no status effects
A: high MP 1, forlorn, divine attributes
a: no special abilities


You were on level 3 of the Dungeon.
You visited 1 branch of the dungeon, and saw 3 of its levels.

You collected 90 gold pieces.

Inventory:

Hand Weapons
 a - a +1 shortbow (weapon)
Armour
 b - a +0 leather armour (worn)
 h - a +0 helmet (worn)
Scrolls
 f - a scroll of teleportation {unknown}
 g - 3 scrolls of identify {unknown}
 j - a scroll of enchant armour {unknown}
 k - a scroll of vulnerability {unknown}
 l - a scroll of fog {unknown}
 o - a scroll of amnesia {unknown}
Potions
 c - 2 potions of haste {unknown}
 d - 2 potions of resistance {unknown}
 e - 2 potions of magic {unknown}
 i - a potion of curing {unknown}
 m - a potion of berserk rage {unknown}
 n - a potion of lignification {unknown}


   Skills:
 + Level 2.5 Fighting
 * Level 4.6 Bows
 + Level 2.5 Dodging
 + Level 2.1 Stealth


You had 3 spell levels left.
You didn't know any spells.
Your spell library contained the following spells:

 Spells                   Type           Power      Damage    Failure   Level
 Foxfire                  Conj/Fire      0%         2x1d4     36%         1
 Conjure Flame            Conj/Fire      0%         6-21      75%         3
 Inner Flame              Hex/Fire       0%         N/A       75%         3
 Flame Wave               Conj/Fire      0%         2d4       98%         4


Dungeon Overview and Level Annotations

Branches:
Dungeon (3/15)


Innate Abilities, Weirdness & Mutations

You have an increased reservoir of magic. (+10% MP)
You shall have no god before yourself.
Your divine heritage dramatically boosts your attributes as you level up.


Message History

You kill the orc!
The orc wizard casts a spell.
The orc wizard flickers and vanishes!
Deactivating autopickup; reactivate with Ctrl-A.
The orc priest hits you with a +0 club.
You shoot an arrow. The arrow hits the orc priest.
The orc priest is lightly wounded.
You shoot an arrow. The arrow hits the orc priest!
The orc priest is almost dead.
The orc priest mumbles some strange prayers to Beogh against you.
Pain shoots through your body!
The orc wizard gestures at you while chanting.
The magic dart hits you!
Unknown command.
You shoot an arrow. The arrow hits the orc priest.
You kill the orc priest!
You hear some strange, mumbled words.
You are confused.
You are too confused!
You are too confused!
You are too confused!
Unknown command.
You bump into the rock wall.
The orc wizard gestures wildly while chanting.
The orc wizard flickers and vanishes!
You bump into the rock wall.
Something hits you but does no damage. Something hits you.
You hear some strange, mumbled words.
A puff of flame appears from out of thin air!
The puff of flame hits you. Something hits you.
You feel less confused.
A puff of flame appears from out of thin air!
The puff of flame hits you.
* * * LOW HITPOINT WARNING * * *
A magic dart appears from out of thin air!
The magic dart hits you.
* * * LOW HITPOINT WARNING * * *
A magic dart appears from out of thin air!
The magic dart hits you!
You die...

## #....# .# #....# .
.##.)..## ### ... ........
..# ... ... ..# #.# #.# #.#
#.# #.# ##..#
#####.###.####.####(.#
#...<.......{.......#
..........@...#####....####
.....##..######$.o##)......
###. #.## #.8.8.#)#.#### #
.... #oo..)'.#... .##.#
#$8$8.#.....# # #.#
##..$##..#..# #.# ####
.#.##... .... ... ######..


There were no monsters in sight!

Vanquished Creatures
  An orc priest (D:3)
  Jessica (D:2)
  An adder (D:2)
  A worm (D:2)
  A dart slug (D:1)
  2 orcs (D:3)
  8 ball pythons
  4 endoplasms (D:2)
  2 giant cockroaches (D:2)
  5 goblins
  3 hobgoblins
  8 jackals
  4 quokkas
  3 bats (D:2)
  3 frilled lizards
  4 kobolds
  4 rats
55 creatures vanquished.

Vanquished Creatures (others)
  16 plants (D:2)
16 creatures vanquished.

Grand Total: 71 creatures vanquished

Notes
Turn   | Place    | Note
-------+----------+-------------------------------------------
     0 | D:1      | Hasart the Demigod Hunter began the quest for the Orb.
     0 | D:1      | Reached XP level 1. HP: 17/17 MP: 3/3
    32 | D:1      | Reached skill level 1 in Stealth
   103 | D:1      | You fall into a shaft and drop 1 floor!
   199 | D:1      | Reached XP level 2. HP: 24/24 MP: 4/4
   323 | D:1      | Reached skill level 4 in Bows
   829 | D:2      | Reached XP level 3. HP: 29/29 MP: 5/5
  1328 | D:2      | Noticed Jessica
  1332 | D:2      | Killed Jessica
  1333 | D:2      | Reached XP level 4. HP: 37/37 MP: 6/6
  1604 | D:3      | Killed from afar by an orc wizard

Illustrated notes

Levels and vault maps discovered:
D:1:      amcnicky_arrival_underground_garden, layout_basic
D:2:      layout_loops_ring, ebering_ecumenical_altar_sacrificial, basic_altar,
          serial_bayou, serial_bayou_pond_d, serial_bayou_shore_a,
          serial_bayou_lagoon_b, serial_bayou_ford_a, serial_bayou_pond_e,
          serial_bayou_pond_c, minmay_misc_feat_diagonals, uniq_jessica
D:3:      layout_rooms, kennysheep_orc_chapel

Skill      XL: |  1  2  3 |
---------------+----------+-----
Stealth        | 1 2 |  2.1
Fighting       | 2 |  2.5
Dodging        | 2 |  2.5
Bows           | 4 |  4.6

Action                   |  1- 3 |  4- 6 || total
-------------------------+-------+-------++-------
 Fire: Shortbow          |   101 |     8 ||   109
Armor: Leather armour    |    12 |     1 ||    13
Dodge: Dodged            |    27 |       ||    27

Table legend: (Time is in decaauts)
 A = Elapsed time spent in this place.
 B = Non-inter-level travel time spent in this place.
 C = Inter-level travel time spent in this place.
 D = Time resting spent in this place.
 E = Time spent auto-exploring this place.
 F = Levels seen in this place.
 G = Mean time per level.
                   A        B        C        D        E       F      G
               +--------+--------+--------+--------+--------+-----+--------+
         Total |   1687 |   1603 |     84 |      0 |   1302 |   3 |  562.3 |
       Dungeon |   1687 |   1603 |     84 |      0 |   1302 |   3 |  562.3 |
               +--------+--------+--------+--------+--------+-----+--------+

Top non-repeatable levels by time:
     D:2: 888 daAuts
     D:1: 755 daAuts
     D:3: 42 daAuts
